 Dungeon Crawl Stone Soup version 0.22-a0-93-g6b88ebb (webtiles) character file.

28 KristoblXynda the Skirmisher (level 2, 0/27 HPs)
             Began as a Draconian Monk on Jan 24, 2018.
             Slain by a gnoll
             ... wielding a +0 halberd
              (9 damage)
             ... on level 2 of the Dungeon.
             The game lasted 00:01:06 (713 turns).

KristoblXynda the Skirmisher (Draconian Monk)        Turns: 713, Time: 00:01:07

Health: 0/27       AC:  4    Str: 13    XL:     2   Next: 96%
Magic:  2/2        EV: 13    Int: 10    God:
Gold:   49         SH:  0    Dex: 13    Spells: 1/1 levels left

rFire    . . .     SeeInvis .     - Unarmed
rCold    . . .     Gourm    .   (no shield)
rNeg     . . .     Faith    .   (armour unavailable)
rPois    .         Spirit   .   (helmet restricted)
rElec    .         Reflect  .   (no cloak)
rCorr    .         Harm     .   (no gloves)
MR       .....                  (no boots)
Stlth    ++........             (no amulet)
HPRegen  0.09/turn              (no ring)
MPRegen  0.08/turn              (no ring)

@: no status effects
A: unfitting armour, cold-blooded, AC +4
a: no special abilities


You were on level 2 of the Dungeon.
You were not hungry.

You visited 1 branch of the dungeon, and saw 2 of its levels.

You collected 49 gold pieces.

Inventory:

Scrolls
 c - a scroll of blinking {unknown}
 d - 2 scrolls of identify {unknown}
 e - a scroll of teleportation {unknown}
Potions
 b - a potion of curing {unknown}
 f - a potion of agility {unknown}
Comestibles
 a - 3 rations


   Skills:
 + Level 3.7 Fighting
 + Level 3.1 Dodging
 - Level 1.7 Stealth
 + Level 3.4 Unarmed Combat


You had one spell level left.
You didn't know any spells.

Dungeon Overview and Level Annotations

Branches:
Dungeon (2/15)

Altars:


Innate Abilities, Weirdness & Mutations

Your plain brown scales are hard. (AC +4)
You cannot fit into any form of body armour.
You are cold-blooded and may be slowed by cold attacks.


Message History

You open the door.
A frilled lizard comes into view.
A frilled lizard is nearby!
A frilled lizard is nearby!
There is an open door here.
You punch the frilled lizard!
You kill the frilled lizard!
You open the door.
A frilled lizard and 2 gnolls come into view.
The gnoll shouts! x2; You hear a shout! x2
The gnoll moves out of view. x2
The frilled lizard hisses angrily.
Found a robe and a ration.
Found a stone staircase leading down.
A gnoll comes into view. It is wielding a club.
There is an open door here.
The gnoll hits you from afar with a halberd!
The gnoll hits you with a halberd!
You barely miss the gnoll. You barely miss the gnoll.
The gnoll hits you with a halberd!
You die...

## %.. .... ..... ######
......#....#################
[....g'....'glgg@..........#
.....##....##############.##
.l. #....# #..........#.# .
#....# #.########.#.# #....#
#.# #.#.# ###### #.# #.#.#
#.# #.#.# #.# #.#.# #.#
#.#.#


You could see 3 gnolls and a frilled lizard.

Vanquished Creatures
  An ooze (D:1)
  A worm (D:2)
  A leopard gecko (D:2)
  2 bats (D:1)
  A goblin (D:1)
  5 hobgoblins (D:1)
  2 kobolds
  2 frilled lizards
  4 rats (D:1)
19 creatures vanquished.

Notes
Turn   | Place    | Note
-------+----------+-------------------------------------------
     0 | D:1      | KristoblXynda the Draconian Monk began the quest for the Orb.
     0 | D:1      | Reached XP level 1. HP: 19/19 MP: 1/1
   189 | D:1      | Reached XP level 2. HP: 24/26 MP: 2/2
   713 | D:2      | Slain by a gnoll

Vault maps used:
D:1:      saegor_arrival_simple_b
D:2:      first_ration

Skill      XL: |  1  2 |
---------------+-------+-----
Dodging        | 3 |  3.1
Fighting       | |  3.7
Stealth        | |  1.7
Unarmed Combat | |  3.4

Action                   || total
-------------------------++-------
Melee: Unarmed           ||    76
       Tailslap          ||    10
       Punch             ||     3
 Stab: Sleeping          ||     2
Armor: Skin              ||    18
Dodge: Dodged            ||    45

Table legend:
 A = Spawn XP
 B = Non-spawn XP
 C = Spawn XP percentage of total XP
 D = Spawn monster count
 E = Non-spawn monster count
 F = Spawn count percentage of total count
 G = Total turns spent on level
                    A         B        C        D         E        F      G
               +---------+---------+-------+---------+---------+-------+---------
         Total |       0 |      40 |   0.0 |       0 |      19 |   0.0 |   713
               +---------+---------+-------+---------+---------+-------+---------
           D:1 |       0 |      29 |   0.0 |       0 |      15 |   0.0 |   602
           D:2 |       0 |      11 |   0.0 |       0 |       4 |   0.0 |   111
               +---------+---------+-------+---------+---------+-------+---------
